 Dungeon Crawl Stone Soup version 0.24-a0-280-g7cec4da (webtiles) character file.

Game seed: 17010223663845125629

287 Finnegan the Skirmisher (level 6, -10/57 HPs)
             Began as a Minotaur Berserker on May 6, 2019.
             Was an Elder of Trog.
             Mangled by an ogre
             ... wielding a cursed +0 giant club
              (24 damage)
             ... on level 4 of the Dungeon.
             The game lasted 00:11:23 (2679 turns).

Finnegan the Skirmisher (Minotaur Berserker)        Turns: 2679, Time: 00:11:24

Health: -10/57     AC:  3    Str: 22    XL:     6   Next: 8%
Magic:  5/5        EV: 13    Int:  4    God:    Trog [****..]
Gold:   207        SH:  0    Dex: 11    Spells: 5/5 levels left

rFire    . . .     SeeInvis +   f - +0 hand axe
rCold    . . .     Gourm    .   (no shield)
rNeg     . . .     Faith    +   b - +0 animal skin
rPois    .         Spirit   .   (helmet restricted)
rElec    .         Reflect  .   g - +0 cloak
rCorr    .         Harm     .   (no gloves)
MR       ++...                  (no boots)
Stlth    +.........             d - amulet of faith
HPRegen  1.19/turn              a - ring of see invisible
MPRegen  0.09/turn              (no ring)

@: berserk cooldown, regenerating, slowed, very slow
A: retaliatory headbutt, horns 2
a: Berserk, Trog's Hand, Brothers in Arms, Renounce Religion


You were on level 4 of the Dungeon.
You worshipped Trog.
Trog was greatly pleased with you.
You were very hungry.

You visited 1 branch of the dungeon, and saw 4 of its levels.

You collected 207 gold pieces.

Inventory:

Hand Weapons
 f - a +0 hand axe (weapon)
Armour
 b - a +0 animal skin (worn)
 g - a +0 cloak (worn)
Jewellery
 a - a ring of see invisible (left hand)
 d - an amulet of faith (around neck)
Scrolls
 e - 3 scrolls of teleportation
 j - a scroll of remove curse
 k - a scroll of enchant weapon
 n - a scroll of magic mapping {unknown}
 q - a scroll of identify
Potions
 h - a potion of degeneration
 l - 2 potions of brilliance
 m - a potion of curing
 o - a potion of mutation
 p - 2 potions of lignification
Comestibles
 c - 8 rations
 i - 10 chunks of flesh


   Skills:
 * Level 5.6 Fighting
 * Level 5.6 Axes
 - Level 3.7 Armour
 - Level 3.3 Dodging


You had 5 spell levels left.
You didn't know any spells.
Your spell library was empty.

Dungeon Overview and Level Annotations

Branches:
Dungeon (4/15)
 Temple: D:4-7

Altars:
Dithmenos
Sif Muna
Zin


Innate Abilities, Weirdness & Mutations

You reflexively headbutt those who attack you in melee.
You have a pair of horns on your head.


Message History

Things that are here:
22 stones; a kobold corpse You feel a strong urge to attack something.
A worm comes into view.
You are no longer berserk.
You are exhausted.
You feel yourself slow down. The ogre completely misses you.
You hit the ogre but do no damage. The ogre closely misses you.
You hit the ogre.
The ogre is lightly wounded.
The ogre misses you. You furiously retaliate!
You headbutt the ogre! You barely miss the ogre. You headbutt the ogre!
The ogre is heavily wounded.
The ogre hits you with a cursed +0 giant club!
* * * LOW HITPOINT WARNING * * *
Your skin crawls.
You feel resistant to hostile enchantments.
You are feeling very hungry.
The ogre hits you with a cursed +0 giant club!!
You die...

####################++##
≈≈≈≈≈≈≈≈≈≈≈≈≈≈≈≈≈≈.....≈
≈≈≈≈≈≈≈≈≈≈≈≈≈≈≈≈≈≈≈.....
≈≈≈≈≈≈≈≈≈≈≈≈≈≈≈≈≈≈.....≈
≈≈≈≈≈.≈≈..≈≈≈≈≈≈≈≈≈....≈
.............((.........
...........(.)(.@O......
.#############...#######
#######.###..........
..................w...
.....................w.
#####.#.###.##########.
# #.# #. #####.# #
#<....#


You could see an ogre and a worm.

Vanquished Creatures
  Crazy Yiuf (D:3)
  Jessica (D:2)
  A worker ant (D:4)
  4 gnolls (D:2)
  7 adders
  An ooze (D:1)
  2 worms
  2 dart slugs (D:1)
  4 leopard geckos
  4 orcs
  8 bats
  5 giant cockroaches
  5 goblins
  5 hobgoblins
  4 jackals
  3 quokkas
  6 ball pythons
  7 frilled lizards
  13 kobolds
  5 rats
  4 fungi (D:3)
92 creatures vanquished.

Vanquished Creatures (others)
  A minotaur (D:1)
  A draconian (D:1)
  3 octopodes (D:1)
  A troll (D:1)
  An elf (D:1)
  A formicid (D:1)
  A human (D:1)
  2 nagas (D:1)
  2 dwarves (D:1)
  An orc (D:1)
  A kobold (D:1)
  6 tentacles (D:1)
21 creatures vanquished.

Grand Total: 113 creatures vanquished

Notes
Turn   | Place    | Note
-------+----------+-------------------------------------------
     0 | D:1      | Finnegan the Minotaur Berserker began the quest for the
                  | Orb.
     0 | D:1      | Reached XP level 1. HP: 19/19 MP: 0/0
     2 | D:1      | Noticed an octopode
     2 | D:1      | Noticed an octopode
     2 | D:1      | Noticed a dwarf
     2 | D:1      | Noticed a formicid
     2 | D:1      | Noticed a naga
     2 | D:1      | Noticed a troll
     2 | D:1      | Noticed a kraken
     2 | D:1      | Noticed a draconian
     2 | D:1      | Noticed a naga
     2 | D:1      | Noticed a minotaur
     2 | D:1      | Noticed a dwarf
     2 | D:1      | Noticed an octopode
     2 | D:1      | Noticed a human
     2 | D:1      | Noticed an elf
     5 | D:1      | Killed a draconian
     5 | D:1      | Killed a troll
     7 | D:1      | Killed a naga
     7 | D:1      | Killed a dwarf
     9 | D:1      | Killed a naga
    10 | D:1      | Killed an octopode
    11 | D:1      | Killed an octopode
    11 | D:1      | Killed an octopode
    13 | D:1      | Killed a dwarf
    13 | D:1      | Killed a human
    14 | D:1      | Killed a formicid
    16 | D:1      | Killed an elf
    17 | D:1      | Killed a minotaur
   102 | D:1      | Reached XP level 2. HP: 27/27 MP: 1/1
   218 | D:1      | Reached ** piety under Trog
   444 | D:1      | Reached XP level 3. HP: 28/33 MP: 2/2
   856 | D:2      | Reached XP level 4. HP: 16/41 MP: 3/3
  1039 | D:2      | Noticed Jessica
  1046 | D:2      | Killed Jessica
  1188 | D:2      | Found a deep blue altar of Sif Muna.
  1304 | D:2      | Reached XP level 5. HP: 37/47 MP: 4/4
  1316 | D:2      | Reached *** piety under Trog
  1625 | D:3      | Reached skill level 5 in Fighting
  1625 | D:3      | Reached skill level 5 in Axes
  2376 | D:3      | Found a shadowy altar of Dithmenos.
  2381 | D:3      | Found a glowing silver altar of Zin.
  2472 | D:3      | Found a runed translucent door.
  2473 | D:3      | Noticed Crazy Yiuf
  2482 | D:3      | Killed Crazy Yiuf
  2615 | D:4      | Reached XP level 6. HP: 32/56 MP: 5/5
  2658 | D:4      | Reached **** piety under Trog
  2679 | D:4      | Mangled by an ogre

Levels and vault maps discovered:
D:1:      nicolae_arrival_kraken_aquarium_b, layout_loops_corners
D:2:      layout_basic, lemuel_crystal_altar, uniq_jessica
D:3:      layout_loops_corners, minitemple, first_ration, hangedman_decor_push,
          minmay_shallow_snake_nest, uniq_crazy_yiuf_cottage
D:4:      minmay_goblin_kobold_castle, layout_basic, serial_shops,
          nicolae_shop_behind_doors, kennysheep_little_box, shop, shop_statue,
          kennysheep_cross_bottleneck, brannock_xom_greatest_gift

Skill      XL: |  1  2  3  4  5 |
---------------+----------------+-----
Fighting       | 4 5 |  5.6
Axes           | 4 5 |  5.6
Armour         | 3 |  3.7
Dodging        | 3 |  3.3

Action                   |  1- 3 |  4- 6 || total
-------------------------+-------+-------++-------
Melee: Hand axe          |    53 |   140 ||   193
       Headbutt          |    12 |    31 ||    43
Invok: Berserk           |       |     2 ||     2
       Trog's Hand       |       |     1 ||     1
  Use: Scroll            |       |     8 ||     8
 Stab: Sleeping          |     2 |     1 ||     3
  Eat: Chunk             |       |     7 ||     7
Armor: Animal skin       |    13 |    26 ||    39
Dodge: Dodged            |    27 |   107 ||   134

Table legend:
 A = Non-vault XP
 B = Vault XP
 C = Vault XP percentage of total XP
 D = Non-vault monster count
 E = Vault monster count
 F = Vault count percentage of total count
                 A         B        C        D         E       F
            +---------+---------+-------+---------+---------+-------
      Total |     305 |     106 |  25.8 |      78 |      10 |  11.4
            +---------+---------+-------+---------+---------+-------
        D:1 |      47 |       0 |   0.0 |      22 |       0 |   0.0
        D:2 |     130 |      37 |  22.2 |      31 |       1 |   3.1
        D:3 |      70 |      63 |  47.4 |      18 |       6 |  25.0
        D:4 |      58 |       6 |   9.4 |       7 |       3 |  30.0
            +---------+---------+-------+---------+---------+-------
